 Dungeon Crawl Stone Soup version 0.30-a0-137-gd8773701ce (webtiles) character file.

Game seed: 1889901604244113225

7 billz999 the Trooper (level 1, -1/18 HPs)
             Began as a Demonspawn Fighter on Sept 21, 2022.
             Slain by a gnoll
             ... wielding a +3 whip of flaming
              (2 damage)
             ... on level 1 of the Dungeon.
             The game lasted 00:00:43 (337 turns).

billz999 the Trooper (Demonspawn Fighter)            Turns: 337, Time: 00:00:43

Health: -1/18      AC: 12    Str: 16    XL:     1   Next: 83%
Magic:  1/1        EV:  6    Int:  9    God:
Gold:   39         SH:  4    Dex: 12    Spells: 0/0 levels left

rFire   . . .      SeeInvis .    a - +0 flail
rCold   . . .      Faith    .    c - +0 buckler
rNeg    . . .      Spirit   .    h - +0 chain mail
rPois   .          Reflect  .    (no helmet)
rElec   .          Harm     .    (no cloak)
rCorr   .          Rampage  .    (no gloves)
Will    .....                    (no boots)
Stlth   ..........               (no amulet)
HPRegen 0.06/turn                e - +4 ring of protection
MPRegen 0.07/turn                (no ring)

@: mighty, brilliant
A: no striking features
a: no special abilities


You were on level 1 of the Dungeon.
You visited 1 branch of the dungeon, and saw 1 of its levels.

You collected 39 gold pieces.

Inventory:

Hand Weapons
 a - a +0 flail (weapon)
Armour
 b - a +0 scale mail
 c - a +0 buckler (worn)
 h - a +0 chain mail (worn)
Jewellery
 e - a +4 ring of protection (left hand)
Scrolls
 f - 3 scrolls of identify {unknown}
 i - 2 scrolls of teleportation {unknown}
Potions
 g - a potion of brilliance
 j - a potion of ambrosia {unknown}


   Skills:
 + Level 3.1 Fighting
 * Level 2.2 Maces & Flails
 - Level 2.6 Armour
 - Level 2.6 Shields


You couldn't memorise any spells.
You didn't know any spells.
Your spell library was empty.

Dungeon Overview and Level Annotations

Branches:
Dungeon (1/15)

Altars:


Message History

You block the goblin's attack.
You hit the goblin.
The goblin is severely wounded.
The goblin hits you but does no damage.
You closely miss the goblin.
The goblin is severely wounded.
You block the goblin's attack.
You barely miss the goblin.
The goblin is severely wounded.
The goblin hits you but does no damage. You block the goblin's attack.
You hit the goblin.
You kill the goblin!
You now have 28 gold pieces (gained 14).
g - 2 smoky green potions (gained 1)
You now have 39 gold pieces (gained 11).
You see here a +0 dagger.
A gnoll comes into view. It is wielding a +3 whip of flaming.
The gnoll shouts!
A gnoll is nearby!
You barely miss the gnoll. The gnoll hits you but does no damage.
You hit the gnoll but do no damage. The gnoll hits you but does no damage.
The gnoll hits you with a +3 whip of flaming.
The gnoll burns you.
You thump the gnoll!
The gnoll is severely wounded.
You block the gnoll's attack.
You closely miss the gnoll.
The gnoll is severely wounded.
The gnoll hits you with a +3 whip of flaming!
* * * LOW HITPOINT WARNING * * *
The gnoll burns you.
* * * LOW HITPOINT WARNING * * *
It was a potion of brilliance.
You feel clever all of a sudden. You block the gnoll's attack.
You feel very mighty all of a sudden.
The gnoll hits you with a +3 whip of flaming.
* * * LOW HITPOINT WARNING * * *
The gnoll burns you.
You die...

#.# ######## #.#
.......# #.#
######.# #.# #.#
#.# #.# #.#
######.#
##########.####
.....#.#
#......@g.....#
####.#.#
#.#######.###.?#
#.###)#######.#
...
#.#..........##.#
#
#.#####.####.##..
#.# #.# #.###.
#.# #.# #.# #.
#.# #.# #.# # ##
#.# #.# #.#


You could see a gnoll.

Vanquished Creatures
  2 goblins (D:1)
  2 kobolds (D:1)
  A ball python (D:1)
  A bat (D:1)
  A rat (D:1)
7 creatures vanquished.

Notes
Turn   | Place    | Note
-------+----------+-------------------------------------------
     0 | D:1      | billz999 the Demonspawn Fighter began the quest for the
                  | Orb.
     0 | D:1      | Reached XP level 1. HP: 18/18 MP: 1/1
   337 | D:1      | Slain by a gnoll

Illustrated notes

Levels and vault maps discovered:
D:1:      eino_arrival_druids_welcome, layout_loops_ring, minmay_bisected

Skill      XL: |  1 |
---------------+----+-----
Maces & Flails | 2 |  2.2
Fighting       | |  3.1
Armour         | |  2.6
Shields        | |  2.6

Action                   || total
-------------------------++-------
Melee: Flail             ||    25
  Use: Potion            ||     2
Armor: Chain mail        ||    12
       Scale mail        ||     1
Dodge: Dodged            ||     4
Block: Buckler           ||    14

Table legend: (Time is in decaauts)
 A = Elapsed time spent in this place.
 B = Non-inter-level travel time spent in this place.
 C = Inter-level travel time spent in this place.
 D = Time resting spent in this place.
 E = Time spent auto-exploring this place.
 F = Levels seen in this place.
 G = Mean time per level.
                   A        B        C        D        E       F      G
               +--------+--------+--------+--------+--------+-----+--------+
         Total |    344 |    342 |      2 |      0 |    262 |   1 |  344.0 |
       Dungeon |    344 |    342 |      2 |      0 |    262 |   1 |  344.0 |
               +--------+--------+--------+--------+--------+-----+--------+

Top non-repeatable levels by time:
     D:1: 344 daAuts
